 Dungeon Crawl Stone Soup version 0.29.1-2-gbd0b4ee654 (webtiles) character file.

Game seed: 16492754289179970187

390 Icepheonix32 the Covered (level 6, -9/56 HPs)
             Began as a Minotaur Fighter on Nov 2, 2022.
             Killed from afar by Maggie (13 damage)
             ... with a bolt of fire
             ... on level 7 of the Dungeon.
             The game lasted 00:03:32 (2429 turns).

Icepheonix32 the Covered (Minotaur Fighter)         Turns: 2429, Time: 00:03:32

Health: -9/56      AC:  6    Str: 19 (20) XL:     6   Next: 50%
Magic:  5/5        EV: 11    Int:  4 (5)  God:
Gold:   174        SH:  0    Dex: 10 (12) Spells: 5/5 levels left

rFire   . . .      SeeInvis .   y - +4 flail
rCold   . . .      Faith    .   c - +0 buckler
rNeg    + . .      Spirit   .   C - +3 leather armour {rPois}
rPois   +          Reflect  .   (helmet restricted)
rElec   .          Harm     .   (no cloak)
rCorr   .          Rampage  .   (no gloves)
Will    .....      Rage     3%  (no boots)
Stlth   ..........              o - amulet of regeneration
HPRegen 0.98/turn               e - ring of positive energy
MPRegen 0.09/turn               (no ring)

@: confused, flying, mesmerised
A: horns 2, retaliatory headbutt, berserk 1, MP-powered wands
a: no special abilities


You were on level 7 of the Dungeon.
You visited 1 branch of the dungeon, and saw 5 of its levels.

You collected 174 gold pieces.

Inventory:

Hand Weapons
 a - a +0 war axe
 i - a +1 spear of pain
 j - a +2 dagger of flaming
 y - a +4 flail (weapon)
 B - a +1 spectral club
Armour
 b - a +0 scale mail
 c - a +0 buckler (worn)
 C - a +3 leather armour of poison resistance (worn)
Jewellery
 e - a ring of positive energy (left hand)
 m - an amulet of magic regeneration
 o - an amulet of regeneration (around neck)
Wands
 A - a wand of charming (3)
Scrolls
 d - a scroll of teleportation {unknown}
 f - 2 scrolls of vulnerability {unknown}
 g - 3 scrolls of identify {unknown}
 k - a scroll of summoning {unknown}
 n - 2 scrolls of butterflies {unknown}
 p - 2 scrolls of silence {unknown}
 q - 2 scrolls of fear {unknown}
 t - 3 scrolls of immolation {unknown}
 v - 2 scrolls of noise {unknown}
 x - a scroll of enchant armour {unknown}
Potions
 w - a potion of brilliance {unknown}


   Skills:
 * Level 5.3 Fighting
 - Level 2.0 Short Blades
 + Level 3.0 Axes
 + Level 0.2(1.8) Maces & Flails
 + Level 6.1 Armour
 + Level 1.6 Dodging
 + Level 4.7 Shields


You had 5 spell levels left.
You didn't know any spells.
Your spell library contained the following spells:

 Spells                   Type           Power      Damage    Failure   Level
 Portal Projectile        Hex/Tloc       0%         N/A       95%         3
 Tukima's Dance           Hex            0%         N/A       95%         3
 Blade Hands              Tmut           0%         N/A       100%        5


Dungeon Overview and Level Annotations

Branches:
Dungeon (4/15)
 Temple: D:4-7

Altars:
Makhleb
Nemelex Xobeh

Annotations:
D:7 Maggie


Innate Abilities, Weirdness & Mutations

You have a pair of horns on your head.
You reflexively headbutt those who attack you in melee.
You sometimes lose your temper in combat.
You expend magic power (3 MP) to strengthen your wands.


Message History

You feel invigorated.
Maggie zaps a wand.
You resist with some effort. Maggie attacks as you move away!
Maggie hits you with a +0 scimitar of distortion.
Maggie gestures at you while chanting. The bolt of fire hits you.
You're too confused to move!
You bump into the rock wall.
Maggie hits you with a +0 scimitar of distortion!
Space warps horribly around you!
* * * LOW HITPOINT WARNING * * *
You sock Maggie!
Maggie is heavily wounded.
Maggie gestures wildly while chanting.
Maggie draws you further into her thrall.
Maggie hits you with a +0 scimitar of distortion.
* * * LOW HITPOINT WARNING * * *
Space warps around you.
* * * LOW HITPOINT WARNING * * *
You bump into the rock wall.
Maggie barely misses you.
You bump into the rock wall.
Maggie zaps a wand.
Your will is overpowered!
You are more confused.
Unknown command.
Maggie hits you with a +0 scimitar of distortion.
Space warps around you.
* * * LOW HITPOINT WARNING * * *
Unknown command.
You feel less invigorated.
It was a potion of flight.
You feel very buoyant.
You fly up into the air.
Maggie hits you with a +0 scimitar of distortion!
* * * LOW HITPOINT WARNING * * *
Space warps around you!
* * * LOW HITPOINT WARNING * * *
It was a potion of mutation.
You feel extremely strange.
You feel a little pissed off.
You feel your magical essence link to the dungeon's wands.
Maggie gestures at you while chanting. The bolt of fire hits you!
You die...

####.#..####.# ...#........
..##.#....#####
######........#
.....)....###.#
#######.....#.#
#######.#.#.#.#
...>......#.#.##############
#######.###.#...@@..........
#.#.#........(##########
#.#.....................
#........<....#########.
###.#########.# ### ###


You could see Maggie (mesmerising).

Vanquished Creatures
  A black bear (D:3)
  2 hounds
  3 iron imps (D:3)
  Ijyb (D:4)
  An orc wizard (D:3)
  3 adders
  An ufetubus (D:3)
  A worm (D:3)
  6 orcs (D:3)
  10 ball pythons
  5 endoplasms
  2 giant cockroaches
  4 goblins
  7 hobgoblins
  4 jackals (D:2)
  4 quokkas
  5 bats
  2 frilled lizards (D:1)
  5 kobolds
  2 rats
69 creatures vanquished.

Notes
Turn   | Place    | Note
-------+----------+-------------------------------------------
     0 | D:1      | Icepheonix32 the Minotaur Fighter began the quest for the
                  | Orb.
     0 | D:1      | Reached XP level 1. HP: 19/19 MP: 0/0
    62 | D:1      | Found a faded altar of an unknown god.
   265 | D:1      | Reached XP level 2. HP: 27/27 MP: 1/1
  1020 | D:2      | Reached skill level 4 in Armour
  1075 | D:2      | Reached XP level 3. HP: 22/33 MP: 2/2
  1533 | D:3      | Found a sparkling altar of Nemelex Xobeh.
  1621 | D:3      | Reached XP level 4. HP: 16/41 MP: 3/3
  1687 | D:3      | Noticed a black bear
  1698 | D:3      | Killed a black bear
  1699 | D:3      | Reached skill level 1 in Short Blades
  1699 | D:3      | Reached skill level 5 in Armour
  1699 | D:3      | Reached skill level 1 in Dodging
  1699 | D:3      | Reached XP level 5. HP: 33/47 MP: 4/4
  1835 | D:3      | Found a burning altar of Makhleb.
  1896 | D:3      | Reached skill level 5 in Fighting
  1912 | D:3      | Reached XP level 6. HP: 37/56 MP: 5/5
  2233 | D:4      | Noticed Ijyb
  2249 | D:4      | Killed Ijyb
  2250 | D:4      | Reached skill level 6 in Armour
  2337 | D:4      | You fall into a shaft and drop 3 floors!
  2401 | D:7      | Noticed Maggie
  2429 | D:7      | Gained mutation: You sometimes lose your temper in combat.
                  | [potion of mutation]
  2429 | D:7      | Gained mutation: You expend magic power (3 MP) to
                  | strengthen your wands. [potion of mutation]
  2429 | D:7      | Killed from afar by Maggie

Illustrated notes

Levels and vault maps discovered:
D:1:      ebering_trefoil_twist, layout_basic,
          chequers_ecumenical_altar_simple_redux, minivault_5,
          hangedman_decor_diamond_cutter
D:2:      layout_loops_cross
D:3:      layout_rooms, demons_altar, nicolae_overflow_hidden_temple
D:4:      layout_loops_ring, uniq_ijyb
D:7:      layout_basic, grunt_temple_overflow_diamond,
          nicolae_yredelemnul_corpse_copse, minmay_temple_entry_statues_pillars,
          nicolae_take_the_stairs, uniq_maggie

Skill      XL: |  1  2  3  4  5  6 |
---------------+-------------------+-----
Fighting       | 4 5 |  5.3
Armour         | 4 5 6 |  6.1
Axes           | 3 |  3.0
Shields        | 4 |  4.7
Short Blades   | 1 2 |  2.0
Dodging        | 1 |  1.6
Maces & Flails | |  0.2

Action                   |  1- 3 |  4- 6 || total
-------------------------+-------+-------++-------
Melee: War axe           |    15 |       ||    15
       Headbutt          |    12 |    25 ||    37
       Dagger            |    99 |   100 ||   199
       Flail             |       |    29 ||    29
Throw: Throwing net      |       |     1 ||     1
  Use: Potion            |       |     7 ||     7
Armor: Scale mail        |    59 |    32 ||    91
Dodge: Dodged            |    50 |    47 ||    97
Block: Buckler           |    31 |    28 ||    59
